 Dungeon Crawl Stone Soup version 0.30.1-9-gdf580d7c3d (webtiles) character file.

Game seed: 2469443554985637136

97 tizbic2 the Insei (level 4, -2/36 HPs)
             Began as a Demigod Transmuter on Sept 28, 2023.
             Slain by a goblin
             ... wielding a +0 club
             ... led by Robin
              (6 damage)
             ... on level 3 of the Dungeon.
             The game lasted 00:06:23 (1836 turns).

tizbic2 the Insei (Demigod Transmuter)              Turns: 1836, Time: 00:06:24

Health: -2/36      AC:  2    Str: 11    XL:     4   Next: 19%
Magic:  16/19      EV: 19    Int: 19    God:
Gold:   112        SH:  0    Dex: 19    Spells: 2/7 levels left

rFire   . .          .
                       - Unarmed
rCold   . . .        h - melded +0 buckler
rNeg    . . .        a - melded +0 robe
rPois   x            p - melded +2 helmet
rElec   .            (cloak currently unavailable)
rCorr   .            g - melded +0 pair of gloves
SInv    .            (boots currently unavailable)
Will    .....        (no amulet)
Stlth   ++           c - ring of magical power
HPRegen 0.26/turn    (no ring)
MPRegen 0.16/turn

%: no passive effects
@: spider-form (expiring)
A: venomous fangs, tiny, high MP 1, forlorn, divine attributes
a: End Transformation


You were on level 3 of the Dungeon.
You were a venomous arachnid creature.
You visited 1 branch of the dungeon, and saw 3 of its levels.

You collected 112 gold pieces.

Inventory:

Hand Weapons
 o - a +0 long sword
Missiles
 k - 5 silver javelins
Armour
 a - a +0 robe (melded)
 f - a +0 chain mail
 g - a +0 pair of gloves (melded)
 h - a +0 buckler (melded)
 l - a +0 scale mail
 p - a +2 helmet (melded)
Jewellery
 c - a ring of magical power (left front pincers)
 d - a ring of fire
Scrolls
 i - a scroll of noise {unknown}
 j - a scroll of teleportation
 m - a scroll of amnesia
Potions
 b - 2 potions of lignification
 e - a potion of attraction {unknown}
 n - a potion of curing {unknown}


   Skills:
 + Level 1.7 Fighting
 - Level 1.8 Dodging
 * Level 3.4 Unarmed Combat
 + Level 2.2 Spellcasting
 * Level 2.8 Transmutations
 + Level 0.2 Poison Magic


You had 2 spell levels left.
You knew the following spells:

 Your Spells              Type           Power      Damage    Failure   Level
a - Beastly Appendage     Tmut           24%        N/A       16%         1
b - Spider Form           Tmut/Pois      7%         N/A       47%         3
c - Foxfire               Conj/Fire      8%         2x1d4     36%         1

Your spell library contained the following spells:

 Spells                   Type           Power      Damage    Failure   Level
 Wereblood                Tmut           12%        N/A       21%         2
 Ice Form                 Ice/Tmut       7%         N/A       85%         4
 Fireball                 Conj/Fire      1%         3d3       100%        5
 Plasma Beam              Fire/Air       1%         2x1d12    100%        6
 Starburst                Conj/Fire      1%         6d3       100%        6


Dungeon Overview and Level Annotations

Branches:
Dungeon (3/15)

Annotations:
D:3 Robin


Innate Abilities, Weirdness & Mutations

You are a venomous arachnid creature.
You have venomous fangs.
You are tiny and dextrous.
Your spellcasting is less reliable in this form.
Your armour is entirely melded.
You are incapable of wielding weapons or throwing items.
You have an increased reservoir of magic. (+10% MP)
You shall have no god before yourself.
Your divine heritage dramatically boosts your attributes as you level up.


Message History

You kill the goblin!
Your transformation is almost over.
The goblin misses you. The hobgoblin completely misses you.
Robin throws the goblin at you!
You hit the goblin.
You kill the goblin!
You closely miss the goblin. The hobgoblin completely misses you.
The goblin completely misses you. Robin closely misses you.
You bite the hobgoblin!
You kill the hobgoblin!
The goblin barely misses you.
An orc comes into view. It is wielding a +0 hand axe.
Robin says, "My army is invincible!"
Robin throws the goblin at you!
You barely miss the goblin. The goblin barely misses you.
The goblin completely misses you.
An orc priest comes into view. It is wielding a +0 war axe.
The goblin misses you.
You bite the goblin!
You kill the goblin!
The goblin completely misses you.
The orc priest invokes the aid of Beogh against you.
Beogh smites you! The goblin closely misses you. Robin completely misses you.
The orc shouts!
You hit the goblin.
The goblin is poisoned.
The goblin is heavily wounded.
You hear a shout!
The goblin barely misses you. The goblin misses you.
Robin hits you from afar with a +0 spear.
* * * LOW HITPOINT WARNING * * *
You kill the goblin!
Robin throws the goblin at you!
Items here: ))) ††.
The goblin completely misses you. The goblin misses you.
Things that are here:
a +0 dagger; a +0 club; a +0 dagger
Found 5 gold pieces.
The goblin hits you with a +0 club.
* * * LOW HITPOINT WARNING * * *
The goblin attacks as you move away! The goblin hits you with a +0 club.
You die...

### ..#.. ..#
..#.# ##.# #....
..#########....
#............##.#
#.###........).
#......<....#
##.######gs#....
#..# #)g#.......
##[###
#g##...###.
#...###)# ...#
###...o.# ...#
###o.## .$.#
###o..##..##
#...#....##
#.....##.#


You could see Robin, an orc priest, 2 orcs and 2 goblins.

Vanquished Creatures
  A gnoll (D:1)
  3 adders
  A worm (D:2)
  2 dart slugs
  An orc (D:3)
  3 endoplasms (D:1)
  5 giant cockroaches
  9 goblins
  5 hobgoblins
  4 jackals (D:1)
  4 ball pythons
  2 frilled lizards
  3 kobolds
  5 rats
48 creatures vanquished.

Vanquished Creatures (others)
  4 foxfires (D:2)
4 creatures vanquished.

Grand Total: 52 creatures vanquished

Notes
Turn   | Place    | Note
-------+----------+-------------------------------------------
     0 | D:1      | tizbic2 the Demigod Transmuter began the quest for the Orb.
     0 | D:1      | Reached XP level 1. HP: 15/15 MP: 5/5
   116 | D:1      | Reached skill level 1 in Fighting
   218 | D:1      | Reached XP level 2. HP: 23/23 MP: 7/7
   332 | D:1      | Reached skill level 3 in Unarmed Combat
   795 | D:1      | Reached XP level 3. HP: 23/28 MP: 8/8
  1001 | D:2      | Learned a level 3 spell: Spider Form
  1625 | D:2      | Learned a level 1 spell: Foxfire
  1800 | D:3      | Noticed Robin
  1824 | D:3      | Reached XP level 4. HP: 28/35 MP: 10/10
  1836 | D:3      | Slain by a goblin

Illustrated notes

Levels and vault maps discovered:
D:1:      dpeg_arrival_pits, layout_loops_corners, kennysheep_nondescript
D:2:      minmay_spotlight, layout_basic, hex_large
D:3:      minmay_angry_zag, layout_rooms, mainiacjoe_overflow_brackets,
          ebering_ecumenical_altar_petrified, minmay_misc_feat_diagonals,
          uniq_robin, uniq_sigmund

Skill      XL: |  1  2 |
---------------+-------+-----
Fighting       | 1 |  1.7
Transmutations | 2 |  2.8
Spellcasting   | 2 |  2.2
Unarmed Combat | 3 |  3.4
Dodging        | |  1.8
Poison Magic   | |  0.2

Action                     |  1- 3 |  4- 6 || total
---------------------------+-------+-------++-------
  Melee: Unarmed           |    97 |     9 ||   106
         Kick              |    20 |       ||    20
         Headbutt          |    11 |       ||    11
   Cast: Beastly Appendage |    19 |       ||    19
         Spider Form       |     3 |       ||     3
         Foxfire           |     2 |       ||     2
    Use: Scroll            |     2 |       ||     2
   Stab: Sleeping          |     5 |       ||     5
 Armour: Robe              |    19 |       ||    19
         Skin              |     2 |     1 ||     3
  Dodge: Dodged            |    63 |    19 ||    82
  Block: Buckler           |     8 |       ||     8
